 Dungeon Crawl Stone Soup version 0.24.0-125-gc4c63601f3 (webtiles) character file.

Game seed: 13269101539351743663, levelgen mode: deterministic

417 lightning the Chopper (level 6, -1/56 HPs)
             Began as a Minotaur Berserker on Mar 22, 2020.
             Was a Priest of Trog.
             Succumbed to a scorpion's poison
             ... on level 4 of the Dungeon.
             The game lasted 00:15:06 (3081 turns).

lightning the Chopper (Minotaur Berserker)          Turns: 3081, Time: 00:15:07

Health: -1/56      AC:  3    Str: 24    XL:     6   Next: 61%
Magic:  5/5        EV: 28    Int:  4    God:    Trog [***...]
Gold:   176        SH:  0    Dex:  9    Spells: 5/5 levels left

rFire    . . .     SeeInvis .   a - +0 hand axe
rCold    . . .     Gourm    .   (no shield)
rNeg     . . .     Faith    .   b - +0 animal skin
rPois    .         Spirit   .   (helmet restricted)
rElec    .         Reflect  .   (no cloak)
rCorr    +         Harm     .   (no gloves)
MR       .....                  v - +0 pair of boots
Stlth    +.........             l - amulet of the acrobat
HPRegen  0.18/turn              p - ring of resist corrosion
MPRegen  0.09/turn              (no ring)

@: lethally poisoned (-1 -> -19), about to teleport, berserk cooldown, acrobat,
slowed, very slow
A: retaliatory headbutt, horns 2
a: Berserk, Trog's Hand, Renounce Religion


You were on level 4 of the Dungeon.
You worshipped Trog.
Trog was most pleased with you.
You were not hungry.

You visited 1 branch of the dungeon, and saw 4 of its levels.

You collected 176 gold pieces.

Inventory:

Hand Weapons
 a - a +0 hand axe (weapon)
Missiles
 h - 100 stones (quivered)
 j - 10 boomerangs
Armour
 b - a +0 animal skin (worn)
 v - a +0 pair of boots (worn)
Jewellery
 l - an amulet of the acrobat (around neck)
 p - a ring of resist corrosion (left hand)
Wands
 s - a wand of paralysis (4)
Scrolls
 e - a scroll of enchant weapon {unknown}
 f - 2 scrolls of teleportation
 g - 5 scrolls of noise {unknown}
 k - a scroll of remove curse {unknown}
 o - a scroll of fog {unknown}
Potions
 d - a potion of berserk rage
 i - a potion of brilliance
 m - 2 potions of heal wounds {unknown}
 n - a potion of ambrosia {unknown}
 q - a potion of agility {unknown}
 r - 2 potions of curing {unknown}
 t - 2 potions of lignification {unknown}
Comestibles
 c - 10 rations
 u - 3 chunks of flesh


   Skills:
 * Level 5.2 Fighting
 * Level 7.1 Axes
 + Level 1.6 Throwing
 + Level 2.5 Armour
 + Level 3.1 Dodging
 + Level 1.0 Stealth


You had 5 spell levels left.
You didn't know any spells.
Your spell library was empty.

Dungeon Overview and Level Annotations

Branches:
Dungeon (4/15)
 Temple: D:4-7

Altars:
Nemelex Xobeh

Annotations:
D:4 Pikel


Innate Abilities, Weirdness & Mutations

You reflexively headbutt those who attack you in melee.
You have a pair of horns on your head.


Message History

Okay, then.
You are no longer berserk.
You are exhausted.
You feel yourself slow down.
* * * LOW HITPOINT WARNING * * *
You feel sick.
The worker ant waves its antennae.
The worker ant completely misses you.
As you read the scroll of teleportation, it crumbles to dust.
You feel strangely unstable.
* * * LOW HITPOINT WARNING * * *
You feel sick. The worker ant barely misses you. The scorpion stings you.
* * * LOW HITPOINT WARNING * * *
You are more poisoned.
The scorpion poisons you! The worker ant bites you.
* * * LOW HITPOINT WARNING * * *
* * * LOW HITPOINT WARNING * * *
You feel sick. The worker ant closely misses you. The worker ant misses you.
The scorpion completely misses you.
You die...

#.##.)).###..#.###.....##.#
##.)........###.###.#..#
#..........##..###.#.##
#.....<.......#........
.#..#........###......##
#....#........# #........
....#.........###......##
........................#
.........@....#########.##
............# #...
......saa..## ####
.......K...# ...........#
....$......# ♣ #..........#
♣ .=........... ♣♣
#............. ♣P


You could see Pikel, a scorpion and 2 worker ants.

Vanquished Creatures
  4 slaves (D:4)
  A scorpion (D:4)
  3 orc wizards
  An orc priest (D:3)
  A hound (D:4)
  Ijyb (D:4)
  A worker ant (D:4)
  7 adders
  4 worms
  6 dart slugs
  3 leopard geckos
  8 orcs
  6 bats
  A bat zombie (D:1)
  4 giant cockroaches
  8 hobgoblins
  2 jackals (D:4)
  12 kobolds
  2 quokkas
  A ball python zombie (D:1)
  3 frilled lizards
  9 goblins
  4 rats
92 creatures vanquished.

Notes
Turn   | Place    | Note
-------+----------+-------------------------------------------
     0 | D:1      | lightning the Minotaur Berserker began the quest for the
                  | Orb.
     0 | D:1      | Reached XP level 1. HP: 19/19 MP: 0/0
    73 | D:1      | Reached skill level 4 in Axes
    86 | D:1      | Reached XP level 2. HP: 12/27 MP: 1/1
   457 | D:1      | Reached XP level 3. HP: 29/33 MP: 2/2
   535 | D:1      | Reached ** piety under Trog
  1113 | D:2      | Reached skill level 5 in Axes
  1266 | D:2      | Reached XP level 4. HP: 37/40 MP: 3/3
  2184 | D:3      | Reached skill level 1 in Throwing
  2346 | D:3      | Reached XP level 5. HP: 47/47 MP: 4/4
  2353 | D:3      | Reached skill level 6 in Axes
  2353 | D:3      | Reached skill level 1 in Stealth
  2436 | D:3      | Reached *** piety under Trog
  2531 | D:4      | Found a sparkling altar of Nemelex Xobeh.
  2565 | D:4      | Reached skill level 5 in Fighting
  2565 | D:4      | Reached XP level 6. HP: 49/56 MP: 5/5
  2787 | D:4      | Reached skill level 7 in Axes
  2908 | D:4      | Noticed Ijyb
  2912 | D:4      | Killed Ijyb
  3059 | D:4      | Noticed a slave
  3060 | D:4      | Noticed a slave
  3061 | D:4      | Noticed Pikel
  3061 | D:4      | Noticed a slave
  3061 | D:4      | Noticed a slave
  3067 | D:4      | Killed a slave
  3070 | D:4      | Killed a slave
  3073 | D:4      | Killed a slave
  3077 | D:4      | Killed a slave
  3080 | D:4      | HP: 1/56 [poisoned by a scorpion]
  3081 | D:4      | Succumbed to a scorpion's poison

Levels and vault maps discovered:
D:1:      saegor_arrival_fortress, layout_basic
D:2:      layout_loops_ring, serial_forest, infiniplex_forest_lined_3_way,
          infiniplex_forest_straight_2, infiniplex_forest_lined_3,
          infiniplex_forest_clump_large, infiniplex_forest_lined_4_way,
          infiniplex_forest_3_way, infiniplex_forest_lined_room_2
D:3:      layout_rooms, first_ration
D:4:      layout_rooms, nemelex_xobeh_ov_fountains_minmay,
          nicolae_zen_rock_garden, chequers_mini_garden, grunt_decor_one_mirror,
          uniq_ijyb, uniq_pikel

Skill      XL: |  1  2  3  4  5  6 |
---------------+-------------------+-----
Axes           | 4 5 6 7 |  7.1
Fighting       | 4 5 |  5.2
Throwing       | 1 |  1.6
Stealth        | 1 |  1.0
Dodging        | 3 |  3.1
Armour         | |  2.5

Action                   |  1- 3 |  4- 6 || total
-------------------------+-------+-------++-------
Melee: Hand axe          |    63 |   130 ||   193
       Headbutt          |     7 |    31 ||    38
Throw: Stone             |    67 |    15 ||    82
Invok: Berserk           |       |     4 ||     4
       Trog's Hand       |       |     1 ||     1
  Use: Scroll            |     2 |     4 ||     6
 Stab: Sleeping          |     1 |       ||     1
  Eat: Ration            |     1 |     2 ||     3
       Chunk             |       |     1 ||     1
Armor: Animal skin       |    12 |    10 ||    22
Dodge: Dodged            |    51 |    80 ||   131
